[Event "African Games-chT 2019"]
[Site "Casablanca"]
[Date "2019.08.24"]
[Round "1"]
[White "Bellahcene, Bilel"]
[Black "Amba, Oyon Marius Claude"]
[Result "1-0"]
[ECO "B82"]
[WhiteElo "2550"]
[BlackElo "1911"]
[Annotator "ChessBase"]
[PlyCount "77"]
[EventDate "2019.08.24"]
[EventType "team-tourn"]
[EventCountry "MAR"]
[SourceTitle "playchess.com"]
[Source "ChessBase"]
[SourceQuality "1"]
[WhiteTeam "Algeria"]
[BlackTeam "CMR"]
[WhiteTeamCountry "ALG"]
[TimeControl "900+10"]

1. e4 c5 2. Nf3 e6 3. d4 cxd4 4. Nxd4 a6 5. Nc3 Qc7 6. Bd3 Nf6 7. Qe2 d6 8. f4 Nc6 9. Nxc6 bxc6 10. b3 d5 11. Bd2 Bc5 12. O-O-O O-O 13. Kb1 e5 14. f5 Bd4 15. g4 a5 16. g5 Nxe4 17. Nxe4 dxe4 18. Qxe4 Bb7 19. f6 g6 20. Qh4 Kh8 21. c3 Bc5 22. Qh6 Rg8 23. Bc1 Bf8 24. Qh4 c5 25. Rhe1 a4 26. Bc4 axb3 27. axb3 Qa5 28. Bb2 Qc7 29. Rd3 Bc8 30. Re4 h5 31. gxh6 Bf5 32. h7 Rg7 33. fxg7+ Bxg7 34. Rd5 g5 35. Qe1 Bxh7 36. Bd3 f5 37. Rexe5 Qf7 38. c4 Rf8 39. Re7 1-0

[Event "African Games-chT 2019"]
[Site "Casablanca"]
[Date "2019.08.24"]
[Round "1"]
[White "Tissir, Mohamed"]
[Black "Eichab, Charles"]
[Result "1-0"]
[ECO "C00"]
[WhiteElo "2379"]
[BlackElo "2016"]
[Annotator "NA"]
[PlyCount "50"]
[EventDate "2019.08.24"]
[EventType "team-tourn"]
[EventCountry "MAR"]
[SourceTitle "playchess.com"]
[Source "ChessBase"]
[SourceQuality "1"]
[WhiteTeam "Morocco"]
[BlackTeam "Namibia"]
[WhiteTeamCountry "MAR"]
[BlackTeamCountry "NAM"]
[TimeControl "900+10"]

1. e4 e6 2. Qe2 d5 3. exd5 Qxd5 4. Nc3 Qd8 5. Nf3 Nf6 6. d4 b6 7. Bg5 Bb7 8. O-O-O c6 9. Ne5 Be7 10. h4 b5 11. Nxb5 Qa5 12. Nc3 Nd5 13. Nxd5 cxd5 14. Kb1 a6 15. Rh3 Nc6 16. Bxe7 Kxe7 17. Rb3 Qc7 18. f4 g6 19. Qg4 Nxe5 20. fxe5 Rhb8 21. h5 Bc6 22. Qg5+ Kf8 23. Rc3 Qb7 24. b3 Kg8 25. Qf6 Qa7 1-0

[Event "African Games-chT 2019"]
[Site "Casablanca"]
[Date "2019.08.24"]
[Round "1"]
[White "Chumfwa, Stanley"]
[Black "Marie, Patrick"]
[Result "1-0"]
[ECO "B34"]
[WhiteElo "2317"]
[BlackElo "1921"]
[Annotator "NA"]
[PlyCount "75"]
[EventDate "2019.08.24"]
[EventType "team-tourn"]
[EventCountry "MAR"]
[SourceTitle "playchess.com"]
[Source "ChessBase"]
[SourceQuality "1"]
[WhiteTeam "Zambia"]
[BlackTeam "Mauritius"]
[WhiteTeamCountry "ZAM"]
[BlackTeamCountry "MRI"]
[TimeControl "900+10"]

1. e4 c5 2. Nf3 Nc6 3. d4 cxd4 4. Nxd4 Nf6 5. Nc3 g6 6. Nxc6 dxc6 7. Qxd8+ Kxd8 8. Bc4 Ke8 9. e5 Nd7 10. f4 Nb6 11. Bb3 Bf5 12. Be3 e6 13. O-O-O Bb4 14. h3 Bxc3 15. bxc3 Be4 16. Rd2 Nd5 17. Bxd5 cxd5 18. Kb2 b6 19. Ra1 Ke7 20. a4 Rhc8 21. g4 Rc4 22. Rd4 Rc7 23. Rb4 Rac8 24. Bd4 Rc6 25. a5 bxa5 26. Rxa5 a6 27. Rb7+ Kf8 28. Kc1 Bg2 29. h4 Bf3 30. g5 Be2 31. Kd2 Bc4 32. Ra1 Ra8 33. h5 a5 34. hxg6 hxg6 35. Ba7 Ra6 36. Bc5+ Kg7 37. Be7 Rg8 38. Bf6+ 1-0

[Event "African Games-chT 2019"]
[Site "Casablanca"]
[Date "2019.08.24"]
[Round "1"]
[White "Oatlhotse, Providence"]
[Black "Kourakoumba, Florent"]
[Result "1-0"]
[ECO "A18"]
[WhiteElo "2252"]
[BlackElo "1677"]
[Annotator "NA"]
[PlyCount "83"]
[EventDate "2019.08.24"]
[EventType "team-tourn"]
[EventCountry "MAR"]
[SourceTitle "playchess.com"]
[Source "ChessBase"]
[SourceQuality "1"]
[WhiteTeam "Botswana"]
[BlackTeam "CAF"]
[WhiteTeamCountry "BOT"]
[TimeControl "900+10"]

1. d4 e6 2. c4 d6 3. Nf3 Be7 4. Nc3 Nf6 5. e4 O-O 6. Be2 Nfd7 7. O-O c6 8. b3 Na6 9. Bb2 Nc7 10. Rc1 f6 11. Qd2 e5 12. Rfd1 a6 13. a4 Ne6 14. d5 Nf4 15. dxc6 bxc6 16. Ba3 Nxe2+ 17. Nxe2 Nc5 18. Qc2 Qb6 19. b4 Nb7 20. a5 Qc7 21. h3 f5 22. exf5 Bxf5 23. Qb3 Kh8 24. Ng3 Be6 25. Qe3 Rae8 26. Ne4 Rd8 27. Bb2 h6 28. c5 Kg8 29. cxd6 Bxd6 30. Nxd6 Nxd6 31. Qxe5 Bd5 32. Rxd5 Rf5 33. Qe6+ Qf7 34. Rxd6 Rxd6 35. Qxd6 Kh7 36. Qxc6 g5 37. Qc7 Kg6 38. Ne5+ Rxe5 39. Qxe5 Kh5 40. g4+ Kg6 41. Rc6+ Kh7 42. Qh8# 1-0

[Event "African Games-chT 2019"]
[Site "Casablanca"]
[Date "2019.08.24"]
[Round "1"]
[White "Silva, David"]
[Black "Espirito Santo, Waldyr"]
[Result "1-0"]
[ECO "B90"]
[WhiteElo "2239"]
[BlackElo "1923"]
[Annotator "NA"]
[PlyCount "32"]
[EventDate "2019.08.24"]
[EventType "team-tourn"]
[EventCountry "MAR"]
[SourceTitle "playchess.com"]
[Source "ChessBase"]
[SourceQuality "1"]
[WhiteTeam "Angola"]
[BlackTeam "STP"]
[WhiteTeamCountry "ANG"]
[TimeControl "900+10"]

1. e4 c5 2. Nf3 d6 3. d4 cxd4 4. Nxd4 Nf6 5. Nc3 a6 6. a3 e6 7. Be2 Nbd7 8. O-O Be7 9. Kh1 Qc7 10. f4 b5 11. Bf3 Bb7 12. Qe1 Nc5 13. e5 Nfd7 14. Bxb7 Nxb7 15. f5 dxe5 16. fxe6 fxe6 1-0

[Event "African Games-chT 2019"]
[Site "Casablanca"]
[Date "2019.08.24"]
[Round "1"]
[White "Osunfuyi, Abimbola"]
[Black "Mphungu, Gerrard"]
[Result "1/2-1/2"]
[ECO "A11"]
[WhiteElo "2235"]
[BlackElo "2107"]
[Annotator "NA"]
[PlyCount "103"]
[EventDate "2019.08.24"]
[EventType "team-tourn"]
[EventCountry "MAR"]
[SourceTitle "playchess.com"]
[Source "ChessBase"]
[SourceQuality "1"]
[WhiteTeam "Nigeria"]
[BlackTeam "MAW"]
[WhiteTeamCountry "NGR"]
[TimeControl "900+10"]

1. c4 Nf6 2. g3 c6 3. Nf3 d5 4. Bg2 Bf5 5. O-O e6 6. Qb3 Qb6 7. d3 Nbd7 8. Qc2 h6 9. b3 Be7 10. Bb2 O-O 11. Nc3 Rfd8 12. Na4 Qa6 13. c5 Qa5 14. b4 Qc7 15. Rfc1 a5 16. a3 axb4 17. axb4 Ra6 18. Nd4 Rda8 19. Nxf5 exf5 20. Bh3 Ng4 21. d4 g6 22. e3 Ngf6 23. Nc3 Qd8 24. Rxa6 Rxa6 25. b5 Ra5 26. bxc6 bxc6 27. Ra1 Rxa1+ 28. Bxa1 Qc7 29. Bb2 Ne4 30. Qb3 Bd8 31. Nxe4 fxe4 32. Bc3 Kg7 33. Qa4 Nf6 34. Qa8 Nd7 35. Kg2 f5 36. Kg1 Kf6 37. Bf1 Nb8 38. Ba5 Qxa5 39. Qxb8 Qc7 40. Qa8 Ke7 41. Ba6 Kd7 42. h4 g5 43. hxg5 hxg5 44. Kg2 f4 45. exf4 gxf4 46. Bf1 fxg3 47. fxg3 Qa5 48. Ba6 Qd2+ 49. Kh3 Qh6+ 50. Kg2 Qd2+ 51. Kh3 Qh6+ 52. Kg2 1/2-1/2

[Event "African Games-chT 2019"]
[Site "Casablanca"]
[Date "2019.08.24"]
[Round "1"]
[White "Mwale, Joseph"]
[Black "Adu, Oladapo"]
[Result "1/2-1/2"]
[ECO "D11"]
[WhiteElo "2231"]
[BlackElo "2273"]
[Annotator "NA"]
[PlyCount "136"]
[EventDate "2019.08.24"]
[EventType "team-tourn"]
[EventCountry "MAR"]
[SourceTitle "playchess.com"]
[Source "ChessBase"]
[SourceQuality "1"]
[WhiteTeam "MAW"]
[BlackTeam "Nigeria"]
[BlackTeamCountry "NGR"]
[TimeControl "900+10"]

1. Nf3 d5 2. g3 Nf6 3. Bg2 Bf5 4. O-O e6 5. d4 h6 6. c4 c6 7. Nc3 Be7 8. b3 O-O 9. Bb2 Nbd7 10. Ne5 Rc8 11. Rc1 Re8 12. Re1 Bd6 13. Nxd7 Qxd7 14. e4 dxe4 15. Nxe4 Be7 16. Nd2 Red8 17. Nf3 Bb4 18. Re2 Qe7 19. a3 Bxa3 20. Bxa3 Qxa3 21. Ra1 Qb4 22. Rxa7 Qb6 23. Ra1 Bg4 24. Rd2 Rd7 25. h3 Bxf3 26. Bxf3 Rcd8 27. c5 Qc7 28. Raa2 g6 29. b4 Nd5 30. Bxd5 Rxd5 31. Ra3 e5 32. Rad3 Qd7 33. Kg2 e4 34. Re3 Rxd4 35. Rxd4 Qxd4 36. Qb1 f5 37. Qb3+ Kg7 38. Qe6 Qf6 39. Qb3 Qe5 40. b5 Qxc5 41. bxc6 bxc6 42. Qb7+ Kf6 43. h4 h5 44. Qb2+ Qe5 45. Rc3 Rd6 46. Qb8 Qe7 47. Qh8+ Qg7 48. Qb8 Qd7 49. Rb3 Qd8 50. Qa7 Rd7 51. Qa6 Qc7 52. Rb6 Rd6 53. Rb7 Qd8 54. Qa7 Ke6 55. Rb8 Qe7 56. Qa8 Kf7 57. Rh8 Kg7 58. Rg8+ Kf7 59. Rh8 Kf6 60. Rf8+ Kg7 61. Rg8+ Kf7 62. Rh8 Kg7 63. Rg8+ Kf6 64. Rf8+ Kg7 65. Rg8+ Kf6 66. Rf8+ Kg7 67. Rg8+ Kf7 68. Rh8 Kg7 1/2-1/2

[Event "African Games-chT 2019"]
[Site "Casablanca"]
[Date "2019.08.24"]
[Round "1"]
[White "Traore, Bakary"]
[Black "Boudriga, Mohamed Ali"]
[Result "0-1"]
[ECO "C41"]
[WhiteElo "2189"]
[BlackElo "2325"]
[Annotator "NA"]
[PlyCount "118"]
[EventDate "2019.08.24"]
[EventType "team-tourn"]
[EventCountry "MAR"]
[SourceTitle "playchess.com"]
[Source "ChessBase"]
[SourceQuality "1"]
[WhiteTeam "Mali"]
[BlackTeam "Tunisia"]
[WhiteTeamCountry "MLI"]
[BlackTeamCountry "TUN"]
[TimeControl "900+10"]

1. e4 e5 2. Nf3 d6 3. d4 exd4 4. Nxd4 Nf6 5. Nc3 Be7 6. Be2 O-O 7. O-O Nc6 8. Be3 Re8 9. Re1 Bf8 10. Bg5 h6 11. Bxf6 Qxf6 12. Ndb5 Qd8 13. Nd5 Rxe4 14. Nbxc7 Rb8 15. Nb5 Be6 16. Ndc3 Re5 17. Nd4 Bd7 18. Nf3 Re8 19. Nd5 Be6 20. c3 Qa5 21. Nf4 Qb6 22. Qd2 d5 23. Rad1 Rbd8 24. h3 d4 25. Nxe6 Rxe6 26. a3 dxc3 27. Qxc3 Bc5 28. Rxd8+ Nxd8 29. Bc4 Bxf2+ 30. Kh1 Bxe1 31. Nxe1 Rd6 32. Nf3 Rd1+ 33. Kh2 Qd6+ 34. g3 Ne6 35. Kg2 Qc6 36. Kf2 b5 37. Bxe6 Qxc3 38. Bxf7+ Kxf7 39. bxc3 Rc1 40. Nd4 a6 41. Ne2 Ra1 42. Ke3 Rxa3 43. Kd4 Ra2 44. Nf4 Ra4+ 45. Kc5 Rc4+ 46. Kb6 Rxc3 47. Kxa6 b4 48. Kb5 b3 49. Kb4 b2 50. Kxc3 b1=Q 51. Kd2 Qg1 52. Ne2 Qg2 53. h4 Kf6 54. Ke3 g5 55. hxg5+ hxg5 56. Kd2 Ke5 57. Ke3 g4 58. Kd3 Qf2 59. Kd2 Ke4 0-1

[Event "African Games-chT 2019"]
[Site "Casablanca"]
[Date "2019.08.24"]
[Round "1"]
[White "Wafa, Shrook"]
[Black "Haile, Lidet Abate"]
[Result "1-0"]
[ECO "C60"]
[WhiteElo "2183"]
[BlackElo "1593"]
[Annotator "NA"]
[PlyCount "75"]
[EventDate "2019.08.24"]
[EventType "team-tourn"]
[EventCountry "MAR"]
[SourceTitle "playchess.com"]
[Source "ChessBase"]
[SourceQuality "1"]
[WhiteTeam "Egypt"]
[BlackTeam "Ethiopia"]
[WhiteTeamCountry "EGY"]
[BlackTeamCountry "ETH"]
[TimeControl "900+10"]

1. e4 e5 2. Nf3 Nc6 3. Bb5 Nge7 4. O-O g6 5. c3 a6 6. Ba4 b5 7. Bb3 Bg7 8. d4 O-O 9. d5 Na5 10. d6 cxd6 11. Qxd6 Nxb3 12. axb3 Nc6 13. Na3 Rb8 14. Nc2 Qf6 15. Qd3 Re8 16. Ne3 d6 17. Nd5 Qd8 18. Rd1 Bb7 19. Be3 Bf8 20. Bg5 Be7 21. Bxe7 Nxe7 22. Nf6+ Kg7 23. Nxe8+ Qxe8 24. Qxd6 Nc6 25. Qc7 Qe6 26. Rd6 Qc8 27. Qxc8 Rxc8 28. Rd7 Rb8 29. Ng5 Nd8 30. Rad1 h6 31. Rxd8 Rxd8 32. Rxd8 hxg5 33. f3 Kf6 34. Rd7 Bc8 35. Rc7 Be6 36. b4 Kg7 37. Rc6 Bc8 38. Rxc8 1-0

[Event "African Games-chT 2019"]
[Site "Casablanca"]
[Date "2019.08.24"]
[Round "1"]
[White "Beukes, Dante M"]
[Black "Hamdouchi, Hicham"]
[Result "0-1"]
[ECO "B31"]
[WhiteElo "2130"]
[BlackElo "2562"]
[Annotator "ChessBase"]
[PlyCount "102"]
[EventDate "2019.08.24"]
[EventType "team-tourn"]
[EventCountry "MAR"]
[SourceTitle "playchess.com"]
[Source "ChessBase"]
[SourceQuality "1"]
[WhiteTeam "Namibia"]
[BlackTeam "Morocco"]
[WhiteTeamCountry "NAM"]
[BlackTeamCountry "MAR"]
[TimeControl "900+10"]

1. e4 c5 2. Nf3 Nc6 3. Bb5 g6 4. Bxc6 bxc6 5. O-O Bg7 6. Re1 Nh6 7. c3 O-O 8. d4 cxd4 9. cxd4 f6 10. Nc3 Nf7 11. Bf4 d6 12. h3 Rb8 13. Qd2 g5 14. Bh2 Kh8 15. Rad1 g4 16. hxg4 Bxg4 17. Qc1 Bxf3 18. gxf3 Rg8 19. Kh1 Qd7 20. Rg1 Bh6 21. f4 Qh3 22. Qe3 Qxe3 23. Rxg8+ Kxg8 24. fxe3 Rxb2 25. Rg1+ Kf8 26. Rg2 Rb4 27. Rd2 Rc4 28. Ne2 d5 29. Ng3 Nd6 30. e5 fxe5 31. dxe5 Ne4 32. Nxe4 Rxe4 33. Rc2 Rc4 34. Rb2 Kf7 35. Kg2 Ke6 36. Kf3 Rc3 37. Bg1 Bf8 38. Rb8 Bg7 39. Rb2 c5 40. Rg2 Bf8 41. Rd2 Ra3 42. Rh2 h6 43. Rg2 c4 44. Rc2 Kf5 45. Bf2 e6 46. Bg1 Bc5 47. Bf2 h5 48. Bg1 Bxe3 49. Bxe3 d4 50. Rxc4 Rxe3+ 51. Kf2 Re4 0-1

[Event "African Games-chT 2019"]
[Site "Casablanca"]
[Date "2019.08.24"]
[Round "1"]
[White "Ebosse, Kingue Victor Patric"]
[Black "Arab, Adlane"]
[Result "0-1"]
[ECO "B33"]
[WhiteElo "2055"]
[BlackElo "2485"]
[Annotator "ChessBase"]
[PlyCount "90"]
[EventDate "2019.08.24"]
[EventType "team-tourn"]
[EventCountry "MAR"]
[SourceTitle "playchess.com"]
[Source "ChessBase"]
[SourceQuality "1"]
[WhiteTeam "CMR"]
[BlackTeam "Algeria"]
[BlackTeamCountry "ALG"]
[TimeControl "900+10"]

1. e4 c5 2. Nf3 Nc6 3. d4 cxd4 4. Nxd4 Qb6 5. Nb3 Nf6 6. Nc3 e6 7. Be2 Bb4 8. O-O Bxc3 9. bxc3 Nxe4 10. Bd3 Nf6 11. Bg5 Ne5 12. Be2 d6 13. Rb1 Qc7 14. Qd4 Ned7 15. Rbd1 d5 16. Rfe1 O-O 17. Rd3 Ne4 18. Bc1 Ndf6 19. Rf3 e5 20. Qd3 Bg4 21. Re3 Bf5 22. f3 Ng3 23. Qd2 Nxe2+ 24. Qxe2 Nd7 25. Qf2 Rfe8 26. f4 Be4 27. Nd2 exf4 28. R3e2 Nf6 29. Nxe4 Rxe4 30. Rxe4 Nxe4 31. Qxf4 Qxc3 32. Rf1 f6 33. Qf5 Qd4+ 34. Kh1 Re8 35. g3 Qc4 36. Rd1 d4 37. Qd7 Qc8 38. Qd5+ Kh8 39. Qxd4 Qxc2 40. Rf1 Qxa2 41. Qd7 Qe6 42. Qxb7 a6 43. Rf4 Nxg3+ 44. hxg3 Qh3+ 45. Kg1 Re1+ 0-1

[Event "African Games-chT 2019"]
[Site "Casablanca"]
[Date "2019.08.24"]
[Round "1"]
[White "Mwango, Lorita"]
[Black "Essoo, Uvika"]
[Result "1-0"]
[ECO "D02"]
[WhiteElo "1947"]
[BlackElo "1187"]
[Annotator "NA"]
[PlyCount "53"]
[EventDate "2019.08.24"]
[EventType "team-tourn"]
[EventCountry "MAR"]
[SourceTitle "playchess.com"]
[Source "ChessBase"]
[SourceQuality "1"]
[WhiteTeam "Zambia"]
[BlackTeam "Mauritius"]
[WhiteTeamCountry "ZAM"]
[BlackTeamCountry "MRI"]
[TimeControl "900+10"]

1. d4 d5 2. Nf3 Nf6 3. Bf4 e6 4. e3 Be7 5. Be2 O-O 6. O-O Nbd7 7. Nbd2 b6 8. c4 c5 9. h3 Bb7 10. Rc1 Rc8 11. b3 Ne4 12. Nxe4 dxe4 13. Ne5 Nxe5 14. Bxe5 Bd6 15. Bxd6 Qxd6 16. dxc5 Qxc5 17. Qc2 Rfd8 18. Rfd1 Qe5 19. Rd2 Qc7 20. Rcd1 Rxd2 21. Qxd2 f5 22. Qd7 Bc6 23. Qxe6+ Kh8 24. Qxf5 g6 25. Qf6+ Kg8 26. Bg4 Rf8 27. Be6+ 1-0

[Event "African Games-chT 2019"]
[Site "Casablanca"]
[Date "2019.08.24"]
[Round "1"]
[White "Nassr, Lina"]
[Black "Magne, Kouokam Sylviane"]
[Result "1-0"]
[ECO "D02"]
[WhiteElo "1938"]
[BlackElo "1317"]
[Annotator "NA"]
[PlyCount "99"]
[EventDate "2019.08.24"]
[EventType "team-tourn"]
[EventCountry "MAR"]
[SourceTitle "playchess.com"]
[Source "ChessBase"]
[SourceQuality "1"]
[WhiteTeam "Algeria"]
[BlackTeam "CMR"]
[WhiteTeamCountry "ALG"]
[TimeControl "900+10"]

1. d4 d5 2. Nf3 g6 3. e3 Bg7 4. b3 a6 5. Bb2 e6 6. Be2 Nc6 7. c4 b6 8. Nc3 Nge7 9. O-O O-O 10. Qc2 Nf5 11. cxd5 exd5 12. a3 Re8 13. Bd3 Qd6 14. Rac1 Nce7 15. Ne2 Ra7 16. b4 Bd7 17. Ne5 Be6 18. Qa4 Rc8 19. b5 a5 20. Rc2 f6 21. Nc6 Nxc6 22. Rxc6 Qe7 23. Nf4 Bd7 24. Nxd5 Qd8 25. Rc2 Be6 26. Nf4 Bd7 27. Rfc1 Qe8 28. Qb3+ Kh8 29. a4 c6 30. bxc6 Rxc6 31. Bb5 Rxc2 32. Qxc2 Bxb5 33. axb5 Ra8 34. Qc6 g5 35. Nd5 Qxc6 36. bxc6 b5 37. c7 Nd6 38. Nb6 Re8 39. c8=Q Nxc8 40. Rxc8 Rxc8 41. Nxc8 Kg8 42. Ne7+ Kf7 43. Nc6 a4 44. Ba3 Ke6 45. e4 f5 46. d5+ Kd7 47. e5 Ke8 48. e6 Bf8 49. d6 Bg7 50. d7# 1-0

[Event "African Games-chT 2019"]
[Site "Casablanca"]
[Date "2019.08.24"]
[Round "1"]
[White "Rita, Jeorciley"]
[Black "Aderito, Pedro"]
[Result "0-1"]
[ECO "D03"]
[WhiteElo "1920"]
[BlackElo "2301"]
[Annotator "NA"]
[PlyCount "64"]
[EventDate "2019.08.24"]
[EventType "team-tourn"]
[EventCountry "MAR"]
[SourceTitle "playchess.com"]
[Source "ChessBase"]
[SourceQuality "1"]
[WhiteTeam "STP"]
[BlackTeam "Angola"]
[BlackTeamCountry "ANG"]
[TimeControl "900+10"]

1. d4 Nf6 2. Nf3 g6 3. Bg5 Bg7 4. e3 c5 5. c3 O-O 6. Bd3 d5 7. Nbd2 b6 8. O-O Bb7 9. Ne5 Ne8 10. Ng4 f6 11. Bh6 Bxh6 12. Nxh6+ Kg7 13. Nf5+ gxf5 14. Bxf5 Nd6 15. Qg4+ Kh8 16. Be6 f5 17. Qf3 Ne4 18. Nxe4 dxe4 19. Qh3 Bc8 20. Bc4 cxd4 21. cxd4 Qd6 22. Qh5 Ba6 23. Bb3 Bxf1 24. Rxf1 Nd7 25. f3 Qg6 26. Qh4 Nf6 27. Qf4 Nh5 28. Qe5+ Qg7 29. Qe6 Qg5 30. Kf2 f4 31. Bd5 fxe3+ 32. Ke2 Nf4+ 0-1

[Event "African Games-chT 2019"]
[Site "Casablanca"]
[Date "2019.08.24"]
[Round "1"]
[White "Ofowino, Toritsemuwa"]
[Black "Msukwa, Tupokiwe"]
[Result "1-0"]
[ECO "D00"]
[WhiteElo "1877"]
[BlackElo "1289"]
[Annotator "NA"]
[PlyCount "39"]
[EventDate "2019.08.24"]
[EventType "team-tourn"]
[EventCountry "MAR"]
[SourceTitle "playchess.com"]
[Source "ChessBase"]
[SourceQuality "1"]
[WhiteTeam "Nigeria"]
[BlackTeam "MAW"]
[WhiteTeamCountry "NGR"]
[TimeControl "900+10"]

1. d4 d5 2. Bf4 Nc6 3. e3 a6 4. c4 Nf6 5. Nf3 e6 6. Nc3 h6 7. Rc1 Bd6 8. Bg3 Bxg3 9. hxg3 Bd7 10. a3 Ne7 11. Ne5 b6 12. Qc2 Nc6 13. Nxd7 Qxd7 14. cxd5 exd5 15. Nxd5 Nxd5 16. Qxc6 Qxc6 17. Rxc6 Kd7 18. Rc1 a5 19. Bb5+ Kd8 20. Bc6 1-0

[Event "African Games-chT 2019"]
[Site "Casablanca"]
[Date "2019.08.24"]
[Round "1"]
[White "Rania, Sbai"]
[Black "Mentile, Lishen"]
[Result "1-0"]
[ECO "D15"]
[WhiteElo "1853"]
[BlackElo "1513"]
[Annotator "NA"]
[PlyCount "67"]
[EventDate "2019.08.24"]
[EventType "team-tourn"]
[EventCountry "MAR"]
[SourceTitle "playchess.com"]
[Source "ChessBase"]
[SourceQuality "1"]
[WhiteTeam "Morocco"]
[BlackTeam "Namibia"]
[WhiteTeamCountry "MAR"]
[BlackTeamCountry "NAM"]
[TimeControl "900+10"]

1. d4 d5 2. c4 c6 3. Nc3 Nf6 4. Nf3 h6 5. e3 Bg4 6. cxd5 Nxd5 7. e4 Nf6 8. Be3 e6 9. Be2 Bb4 10. Qc2 Nbd7 11. O-O O-O 12. Rfd1 Qc7 13. a3 Bxc3 14. bxc3 Rad8 15. Rab1 b6 16. c4 e5 17. d5 cxd5 18. exd5 Nc5 19. Bxc5 Qxc5 20. Ne1 Bxe2 21. Qxe2 Rfe8 22. Nc2 Rc8 23. Ne3 Qxa3 24. Ra1 Qe7 25. d6 Qd7 26. Qa2 a5 27. Qb3 Rc6 28. c5 bxc5 29. Nc4 Ne4 30. Qd3 Nf6 31. Nxa5 Rb6 32. Rac1 Rc8 33. Nc4 Ne8 34. Nxb6 1-0

[Event "African Games-chT 2019"]
[Site "Casablanca"]
[Date "2019.08.24"]
[Round "1"]
[White "Naipal, Hoolan"]
[Black "Kayonde, Andrew"]
[Result "0-1"]
[ECO "B18"]
[WhiteElo "1785"]
[BlackElo "2384"]
[Annotator "NA"]
[PlyCount "58"]
[EventDate "2019.08.24"]
[EventType "team-tourn"]
[EventCountry "MAR"]
[SourceTitle "playchess.com"]
[Source "ChessBase"]
[SourceQuality "1"]
[WhiteTeam "Mauritius"]
[BlackTeam "Zambia"]
[WhiteTeamCountry "MRI"]
[BlackTeamCountry "ZAM"]
[TimeControl "900+10"]

1. e4 c6 2. d4 d5 3. Nc3 dxe4 4. Nxe4 Bf5 5. Ng3 Bg6 6. Nh3 e6 7. Nf4 Bd6 8. h4 Qc7 9. Nxg6 hxg6 10. Ne4 Nf6 11. Bd3 Nxe4 12. Bxe4 Nd7 13. Be3 Nf6 14. Bf3 Bf4 15. Qd2 Bxe3 16. Qxe3 Qa5+ 17. c3 g5 18. Qe5 Qxe5+ 19. dxe5 Nd7 20. O-O-O gxh4 21. g3 Nxe5 22. Be2 g5 23. gxh4 gxh4 24. Rh3 Ke7 25. Rdh1 Ng6 26. Bd3 Nf4 27. Rf3 e5 28. Re1 Kf6 29. Bf1 h3 0-1

[Event "African Games-chT 2019"]
[Site "Casablanca"]
[Date "2019.08.24"]
[Round "1"]
[White "Asante Debesai Zerabruk"]
[Black "Makoto, Rodwell"]
[Result "0-1"]
[ECO "C72"]
[WhiteElo "1712"]
[BlackElo "2373"]
[Annotator "NA"]
[PlyCount "70"]
[EventDate "2019.08.24"]
[EventType "team-tourn"]
[EventCountry "MAR"]
[SourceTitle "playchess.com"]
[Source "ChessBase"]
[SourceQuality "1"]
[WhiteTeam "Eritrea"]
[BlackTeam "Zimbabwe"]
[WhiteTeamCountry "ERI"]
[BlackTeamCountry "ZIM"]
[TimeControl "900+10"]

1. e4 e5 2. Nf3 Nc6 3. Bb5 a6 4. Ba4 d6 5. O-O Bd7 6. c3 g6 7. h3 Bg7 8. Re1 Nf6 9. d4 O-O 10. Bc2 Re8 11. Nbd2 h6 12. Nf1 Nh5 13. Be3 Qe7 14. Qd2 g5 15. Ng3 Nf4 16. Nf5 Bxf5 17. exf5 Qf6 18. d5 Ne7 19. Be4 Nxf5 20. Qc2 Ne7 21. Rad1 Neg6 22. Kh2 Nf8 23. g3 N4g6 24. Kg2 Qd8 25. a3 Ne7 26. Nh2 Qd7 27. g4 Nfg6 28. f3 Rf8 29. Bxg6 Nxg6 30. Rf1 f5 31. Rf2 Rae8 32. Nf1 e4 33. fxe4 fxg4 34. hxg4 Qxg4+ 35. Ng3 Nf4+ 0-1

[Event "African Games-chT 2019"]
[Site "Casablanca"]
[Date "2019.08.24"]
[Round "1"]
[White "Koualet-Bebondi, Vianney Archeveq"]
[Black "Khetho, Phemelo"]
[Result "0-1"]
[ECO "B02"]
[WhiteElo "1679"]
[BlackElo "2178"]
[Annotator "NA"]
[PlyCount "70"]
[EventDate "2019.08.24"]
[EventType "team-tourn"]
[EventCountry "MAR"]
[SourceTitle "playchess.com"]
[Source "ChessBase"]
[SourceQuality "1"]
[WhiteTeam "CAF"]
[BlackTeam "Botswana"]
[BlackTeamCountry "BOT"]
[TimeControl "900+10"]

1. e4 e5 2. d3 Nf6 3. Bd2 d5 4. Qe2 Nc6 5. c3 Be7 6. h3 dxe4 7. dxe4 a6 8. Nf3 O-O 9. Bg5 h6 10. Bxf6 Bxf6 11. Qc2 Be6 12. Be2 Qe7 13. O-O g5 14. Nh2 Bg7 15. Nd2 Rad8 16. b3 Qc5 17. Qb2 Ne7 18. b4 Qc6 19. Kh1 Ng6 20. Bg4 Nf4 21. Bxe6 Qxe6 22. f3 Ne2 23. Rf2 Nf4 24. Qc2 Rd7 25. Ng4 Rfd8 26. Ne3 Rd3 27. Rd1 Rxe3 28. c4 Red3 29. Kh2 Qb6 30. Kg1 Qxb4 31. Kf1 Bf8 32. Rb1 Qd6 33. Nb3 Rd1+ 34. Rxd1 Qxd1+ 35. Qxd1 Rxd1# 0-1

[Event "African Games-chT 2019"]
[Site "Casablanca"]
[Date "2019.08.24"]
[Round "1"]
[White "Tjaronda, Nicola"]
[Black "Mayar ElIdrissi, Firdaous"]
[Result "0-1"]
[ECO "B50"]
[WhiteElo "1545"]
[BlackElo "1760"]
[Annotator "NA"]
[PlyCount "62"]
[EventDate "2019.08.24"]
[EventType "team-tourn"]
[EventCountry "MAR"]
[SourceTitle "playchess.com"]
[Source "ChessBase"]
[SourceQuality "1"]
[WhiteTeam "Namibia"]
[BlackTeam "Morocco"]
[WhiteTeamCountry "NAM"]
[BlackTeamCountry "MAR"]
[TimeControl "900+10"]

1. e4 c5 2. Nf3 d6 3. Bc4 Nf6 4. Nc3 Nc6 5. O-O e6 6. Re1 Be7 7. a3 O-O 8. d3 a6 9. Bg5 b5 10. Ba2 Bb7 11. Rb1 Qc7 12. Qd2 Rad8 13. Ne2 b4 14. axb4 Nxb4 15. Bb3 Ra8 16. Ng3 a5 17. Ba4 Rfb8 18. c3 Nc6 19. d4 cxd4 20. cxd4 Nb4 21. Rec1 Qd8 22. Qe3 Rc8 23. b3 Ba6 24. Bxf6 Bxf6 25. e5 dxe5 26. dxe5 Be7 27. Rd1 Nd5 28. Qe4 Qb6 29. Rxd5 exd5 30. Qxd5 Rc2 31. Ne4 Bc8 0-1

[Event "African Games-chT 2019"]
[Site "Casablanca"]
[Date "2019.08.24"]
[Round "1"]
[White "Eshete, Ruth Leykun"]
[Black "Wafa, Shahenda"]
[Result "0-1"]
[ECO "A85"]
[WhiteElo "1495"]
[BlackElo "2139"]
[Annotator "NA"]
[PlyCount "41"]
[EventDate "2019.08.24"]
[EventType "team-tourn"]
[EventCountry "MAR"]
[SourceTitle "playchess.com"]
[Source "ChessBase"]
[SourceQuality "1"]
[WhiteTeam "Ethiopia"]
[BlackTeam "Egypt"]
[WhiteTeamCountry "ETH"]
[BlackTeamCountry "EGY"]
[TimeControl "900+10"]

1. d4 f5 2. c4 Nf6 3. Nc3 d6 4. Nf3 g6 5. Bf4 Bg7 6. e3 c6 7. Be2 O-O 8. O-O Nh5 9. Bg3 Nxg3 10. fxg3 Qc7 11. Re1 e5 12. dxe5 dxe5 13. e4 Qb6+ 14. Kh1 Qxb2 15. Qc1 Qxc1 16. Raxc1 Na6 17. Red1 Nc5 18. exf5 Bxf5 19. Rf1 Rad8 20. Rcd1 e4 21. Ne1 0-1